AoeStats
← sr don dr

Arabia

506309127Analyzed
2v2 RM · 19d ago on Sep 13, 2026· 36m 23s· 4 players
Game mode
Random Map
Map size
Medium (4 player)
Population
200
Speed
Normal
Resources
Standard
Victory
Conquest
Starting age
Dark Age
Ending age
Imperial Age
RankedLock teamsTeams togetherTeam positionsShared explorationLock speedFull tech treeHidden civsTurbo modeCheats
Victory
Defeat
🇨🇴 Spanish · Colombia
904
+37
🇧🇷 Vietnamese · Brazil
879
+38
🇲🇽 Vietnamese · Mexico
875
-15
🇺🇸 Persians · United States
848
-14
El Viejo Verde
7:08 Loom
9:32 Feudal Age
10:22 Double-Bit Axe
14:49 Fletching
21:00 Castle Age
20:57 Horse Collar
21:47 Bow Saw
21:00 Crossbowman
21:38 Bodkin Arrow
21:43 Padded Archer Armor
23:15 Wheelbarrow
23:07 Padded Archer Armor
25:54 Leather Archer Armor
27:30 Thumb Ring
29:54 Forging
29:50 Scale Barding Armor
31:37 Light Cavalry
32:43 Husbandry
32:53 Bloodlines
33:54 Bloodlines
36:31 Scale Barding Armor
Souls
10:32 Feudal Age
11:29 Double-Bit Axe
12:47 Wheelbarrow
22:32 Castle Age
22:07 Stone Mining
22:08 Gold Mining
22:58 Gold Mining
24:07 Stone Shaft Mining
23:47 Bow Saw
26:28 Horse Collar
26:58 Elite Skirmisher
28:36 Fletching
28:46 Padded Archer Armor
28:55 Town Watch
28:56 Loom
31:49 Heavy Plow
33:04 Bodkin Arrow
33:24 Leather Archer Armor
33:46 Squires
rsegoviab
7:21 Loom
9:39 Feudal Age
10:22 Double-Bit Axe
15:39 Padded Archer Armor
16:11 Fletching
22:35 Castle Age
21:00 Horse Collar
23:26 Bow Saw
23:19 Heavy Plow
22:50 Crossbowman
24:55 Squires
25:57 Ballistics
28:20 Wheelbarrow
27:36 Elite Skirmisher
29:36 Hand Cart
29:16 Town Watch
32:40 Thumb Ring
34:11 Bodkin Arrow
sr don dr
11:24 Feudal Age
12:35 Double-Bit Axe
13:54 Horse Collar
16:00 Town Watch
20:36 Scale Barding Armor
21:41 Wheelbarrow
22:35 Gold Mining
25:45 Castle Age
24:11 Forging
25:21 Gold Mining
29:11 Chain Barding Armor
Connection lost

Rejoining the realm…

Still unreachable

The connection could not be restored.

Session expired

The server has moved on; the page needs a fresh start.